 Dungeon Crawl Stone Soup version 0.15-a0-1579-gd26fec2 (console) character file.

214 Money the Ruffian (level 5, -5/45 HPs)
             Began as a Draconian Fighter on June 18, 2014.
             Slain by a green rat (9 damage)
             ... summoned by Eustachio
             ... on Level 4 of the Dungeon.
             The game lasted 00:06:27 (1167 turns).

Money the Ruffian (Draconian Fighter)               Turns: 1167, Time: 00:06:27

HP  -5/45        AC  7     Str 24      XL: 5   Next: 59%
MP   5/5         EV 10     Int  8      God:
Gold 154         SH  9     Dex 11      Spells:  0 memorised,  4 levels left

rFire  . . .     SeeInvis .     a - +0 war axe
rCold  . . .     Clarity  .     (armour unavailable)
rNeg   . . .     rCorr    .     c - +0 shield
rPois  .         rRot     .     (helmet restricted)
rElec  .         Spirit   .     (no cloak)
SustAb +         Warding  .     b - +0 pair of gloves
rMut   .         Stasis   .     d - +0 pair of boots
Gourm  .                        (no amulet)
MR     .....                    j - ring of sustain abilities
                                (no ring)

@: mighty, hasted, very quick, not resistant to hostile enchantments, very
unstealthy
A: unfitting armour, cold-blooded, AC +5
a: no special abilities


You were on level 4 of the Dungeon.
You were not hungry.

You visited 1 branch of the dungeon, and saw 4 of its levels.

You collected 154 gold pieces.

Inventory:

Hand weapons
 a - a +0 war axe (weapon)
Armour
 b - a +0 pair of gloves (worn)
 c - a +0 shield (worn)
 d - a +0 pair of boots (worn)
Magical devices
 p - a wand of draining (0)
Comestibles
 f - 4 bread rations
 h - a slice of pizza
 l - 3 meat rations
 t - a rotting chunk of worker ant flesh
Scrolls
 o - 3 scrolls of teleportation
 q - a scroll of fear
Jewellery
 i - an uncursed ring of teleportation
 j - a ring of sustain abilities (right hand)
Potions
 g - a potion of haste
 n - a potion of flight
 s - a potion of agility


   Skills:
 - Level 3.2 Fighting
 - Level 2.0 Axes
 - Level 2.6 Dodging
 - Level 3.0 Shields
 + Level 5.4 Unarmed Combat


You had 4 spell levels left.
You didn't know any spells.

Dungeon Overview and Level Annotations

Branches:
Dungeon (4/15)
 Temple: D:4-7

Altars:
Trog

Annotations:
D:4 Eustachio


Innate Abilities, Weirdness & Mutations

Your plain brown scales are hard (AC +5).
Your body does not fit into most forms of armour.
Your cold-blooded metabolism reacts poorly to cold.


Message History

* * * LOW HITPOINT WARNING * * *
You feel clumsy for a moment.
Drink which item? (? for menu, Esc to quit)
You feel very mighty all of a sudden. You block the quasit's attack.
The quasit barely misses you. You block the quasit's attack.
The quasit bites you.
* * * LOW HITPOINT WARNING * * *
You feel clumsy for a moment. The quasit closely misses you.
The quasit claws you but does no damage.
You block the green rat's attack.
Eustachio brags, "I can call spirits from the vasty deep."
Eustachio gestures wildly while chanting.
Eustachio blinks!
Drink which item? (? for menu, Esc to quit)
You feel yourself speed up. The quasit closely misses you.
The quasit claws you but does no damage. x2
The quasit closely misses you. The quasit claws you.
* * * LOW HITPOINT WARNING * * *
The quasit closely misses you. The green rat bites you!
You die...

...#+#...........................
...+_'...........................
...#+#...........................
.............@................§..
.................................
......................5..........
....#.......#.5.r§.............#
...#......####5#r######..#....#.
..##.....# #5@## #...#......
###.### #### ######..... #...##
#####


You could see Eustachio, 2 quasits, 2 green rats and an ufetubus.

Vanquished Creatures
  A hound (D:4)
  2 orc wizards (D:4)
  A worker ant (D:4)
  2 green rats (D:4)
  4 adders
  A shadow imp (D:4)
  A giant mite (D:2)
  An inept feature mimic (D:2)
  A white imp (D:4)
  4 worms
  2 ufetubi (D:4)
  An adder skeleton (D:4)
  An ooze (D:4)
  5 orcs (D:4)
  A hobgoblin (D:2)
  2 kobolds
  6 bats
  A giant newt (D:4)
  4 goblins
  3 quokkas (D:4)
  6 rats
50 creatures vanquished.

Notes
Turn   | Place    | Note
--------------------------------------------------------------
     0 | D:1      | Money, the Draconian Fighter, began the quest for the Orb.
     0 | D:1      | Reached XP level 1. HP: 19/19 MP: 1/1
    30 | D:2      | Reached skill level 1 in Unarmed Combat
    30 | D:2      | Reached XP level 2. HP: 23/26 MP: 2/2
   220 | D:2      | Reached XP level 3. HP: 4/31 MP: 3/3
   614 | D:2      | Reached XP level 4. HP: 24/38 MP: 4/4
   838 | D:4      | Found a bloodstained altar of Trog.
   841 | D:4      | Reached skill level 4 in Unarmed Combat
   881 | D:4      | Reached XP level 5. HP: 30/45 MP: 5/5
   892 | D:4      | Reached skill level 5 in Unarmed Combat
  1083 | D:4      | Noticed Eustachio
  1156 | D:4      | HP: 2/45 [green rat[Eustachio] (1)]
  1163 | D:4      | HP: 2/45 [Eustachio/falchion (4)]
  1167 | D:4      | Slain by a green rat

Action                   |  1- 3 |  4- 6 || total
-------------------------+-------+-------++-------
Melee: War axe           |    68 |   112 ||   180
Evoke: Wand              |     1 |       ||     1
  Use: Scroll            |     4 |     4 ||     8
       Potion            |       |     7 ||     7
